 Dungeon Crawl Stone Soup version 0.29.1-1-gd02db6906a (webtiles) character file.

Game seed: 5420975112066302252

245 groovy9 the Shooter (level 6, -1/40 (44) HPs)
             Began as a Formicid Hunter on Sept 19, 2022.
             Killed by divine providence
             ... invoked by an orc priest
              (12 damage)
             ... on level 4 of the Dungeon.
             The game lasted 00:08:48 (3326 turns).

groovy9 the Shooter (Formicid Hunter)               Turns: 3326, Time: 00:08:49

HP:   -1/40 (44)    AC:  5    Str: 15    XL:     6   Next: 32%
MP:   6/6           EV: 12    Int:  9    God:
Gold: 242           SH:  0    Dex: 19    Spells: 5/5 levels left

rFire   . . .      SeeInvis +   a - +0 shortbow
rCold   . . .      Faith    .   (no shield)
rNeg    + . .      Spirit   .   c - +0 leather armour
rPois   .          Reflect  .   (helmet unavailable)
rElec   .          Harm     .   (no cloak)
rCorr   .          Rampage  .   (no gloves)
Will    .....                   n - +1 pair of boots
Stlth   +++.......              m - amulet of the acrobat
HPRegen 0.93/turn               w - ring of positive energy
MPRegen 0.10/turn               (no ring)

@: drained
A: permanent stasis, dig shafts and tunnels, antennae 3, four strong arms,
regeneration 1, subdued magic 1, MP-powered wands
a: Dig, Shaft Self


You were on level 4 of the Dungeon.
You visited 1 branch of the dungeon, and saw 4 of its levels.

You collected 242 gold pieces.

Inventory:

Hand Weapons
 a - a +0 shortbow (weapon)
 b - a +0 dagger
Armour
 c - a +0 leather armour (worn)
 l - a +0 tower shield
 n - a +1 pair of boots (worn)
Jewellery
 m - an amulet of the acrobat (around neck)
 w - a ring of positive energy (left hand)
Wands
 s - a wand of flame (24)
 t - a wand of digging (8)
Scrolls
 e - 2 scrolls of magic mapping
 j - a scroll of enchant armour
 o - a scroll of immolation
 q - 2 scrolls of fear
 r - a scroll of fog
 v - a scroll of identify
 x - a scroll of noise {unknown}
Potions
 d - 3 potions of mutation
 f - a potion of degeneration {unknown}
 g - a potion of cancellation {unknown}
 h - a potion of berserk rage {unknown}
 i - 2 potions of resistance
 k - a potion of flight {unknown}
 p - a potion of ambrosia {unknown}
 u - a potion of lignification {unknown}


   Skills:
 - Level 2.1 Fighting
 * Level 6.3 Ranged Weapons
 - Level 1.7 Dodging
 + Level 4.4 Stealth


You had 5 spell levels left.
You didn't know any spells.
Your spell library contained the following spells:

 Spells                   Type           Power      Damage    Failure   Level
 Fireball                 Conj/Fire      0%         3d3       100%        5
 Starburst                Conj/Fire      0%         6d3       100%        6
 Ignition                 Fire           0%         3d3       100%        8


Dungeon Overview and Level Annotations

Branches:
Dungeon (4/15)
 Temple: D:4-7

Altars:


Innate Abilities, Weirdness & Mutations

You cannot be hasted, slowed, berserked, paralysed or teleported.
You can dig through walls and to a lower floor.
You have a pair of large antennae on your head. (SInv)
Your four strong arms can wield two-handed weapons with a shield.
Your natural rate of healing is unusually fast.
Your spells are a little easier to cast, but a little less powerful.
You expend magic power (3 MP) to strengthen your wands.


Message History

You are more poisoned.
You shoot an arrow. The arrow hits the orc priest!
The orc priest is heavily wounded.
You feel very sick.
You shoot an arrow.
The arrow completely misses the orc priest.
The arrow closely misses the orc wizard.
You feel very sick.
The orc priest calls down the wrath of Beogh upon you.
Beogh smites you!
The orc throws a poisoned dart.
The poisoned dart closely misses you.
You feel sick.
You feel sick.
The orc throws a poisoned dart.
The poisoned dart misses you.
You feel sick.
You feel sick.
You extend your mandibles.
You dig through the rock wall.
You feel drained.
You feel sick.
You dig through the rock wall.
You feel drained.
You feel sick.
You retract your mandibles.
Okay, then.
Okay, then.
You feel sick.
You feel sick.
You are no longer poisoned.
Fire: a) +0 shortbow
Press: ? - help, Q - select action, (/) - cycle Shift-Dir - straight line, f/p - orc priest
Aim: an orc priest, wielding a +0 mace and wearing a +0 chain mail (heavily wounded, 72% to hit)
You shoot an arrow.
The arrow closely misses the orc priest.
The orc priest hits you with a +0 mace.
* * * LOW HITPOINT WARNING * * *
Fire: a) +0 shortbow
Press: ? - help, Q - select action, (/) - cycle Shift-Dir - straight line, f/p - orc priest
Aim: an orc priest, wielding a +0 mace and wearing a +0 chain mail (heavily wounded, 72% to hit)
You shoot an arrow.
The arrow hits the orc priest but does no damage.
The orc priest is heavily wounded.
The orc priest calls down the wrath of Beogh upon you.
Beogh smites you!
You die...

##....#..#............
#..)######....$..o..#
#......###.....#....#
###......#.....#....##
####...............#
###...####{....##
##.## ##{.#.## ###
#o### # ##@# ###


You could see an orc priest.

Vanquished Creatures
  2 hounds (D:4)
  A jelly (D:4)
  2 orc priests (D:4)
  2 adders
  3 dart slugs
  6 orcs (D:4)
  7 bats
  5 endoplasms
  2 giant cockroaches (D:1)
  5 goblins
  4 hobgoblins
  7 jackals
  3 kobolds
  3 quokkas
  8 ball pythons
  A frilled lizard (D:2)
  2 rats (D:1)
63 creatures vanquished.

Vanquished Creatures (others)
  3 toadstools (D:2)
3 creatures vanquished.

Grand Total: 66 creatures vanquished

Notes
Turn   | Place    | Note
-------+----------+-------------------------------------------
     0 | D:1      | groovy9 the Formicid Hunter began the quest for the Orb.
     0 | D:1      | Reached XP level 1. HP: 16/16 MP: 1/1
    54 | D:1      | Reached XP level 2. HP: 22/22 MP: 2/2
   469 | D:1      | Reached XP level 3. HP: 27/27 MP: 3/3
  2132 | D:3      | Reached XP level 4. HP: 33/33 MP: 4/4
  2138 | D:3      | Reached skill level 5 in Ranged Weapons
  2152 | D:3      | Gained mutation: Your natural rate of healing is unusually
                  | fast. [potion of mutation]
  2152 | D:3      | Gained mutation: You expend magic power (3 MP) to
                  | strengthen your wands. [potion of mutation]
  2152 | D:3      | Gained mutation: Your spells are a little easier to cast,
                  | but a little less powerful. [potion of mutation]
  2884 | D:4      | Reached XP level 5. HP: 38/38 MP: 5/5
  2996 | D:4      | Noticed an ogre
  3254 | D:4      | Reached skill level 6 in Ranged Weapons
  3265 | D:4      | Reached XP level 6. HP: 29/44 MP: 6/6
  3326 | D:4      | Killed from afar by an orc priest

Illustrated notes

Levels and vault maps discovered:
D:1:      dpeg_arrival_solitude, layout_loops_corners
D:2:      layout_loops_corners, minmay_gold_behind_fungi
D:3:      layout_basic, palyth_stone_intersect
D:4:      layout_cave_pools, minmay_temple_entry_arrows, dk_noncrumbling_2,
          grunt_ministairs_12

Skill      XL: |  1  2  3  4  5 |
---------------+----------------+-----
Stealth        | 2 3 4 |  4.4
Ranged Weapons | 5 6 |  6.3
Fighting       | |  2.1
Dodging        | |  1.7

Action                   |  1- 3 |  4- 6 || total
-------------------------+-------+-------++-------
 Fire: Shortbow          |   103 |    77 ||   180
 Abil: Dig               |     3 |     2 ||     5
  Use: Scroll            |     3 |     6 ||     9
       Potion            |       |     1 ||     1
Armor: Leather armour    |    14 |     7 ||    21
Dodge: Dodged            |    31 |    26 ||    57
